 Dungeon Crawl Stone Soup version 0.30-a0-4-ga7cffc901d (webtiles) character file.

Game seed: 7954175164457146781

719 Setbun the Slicer (level 8, -17/44 HPs)
             Began as a Kobold Brigand on Aug 21, 2022.
             Killed from afar by an oklob plant (21 damage)
             ... with a splash of acid
             ... on level 3 of the Dungeon.
             The game lasted 00:06:22 (6073 turns).

Setbun the Slicer (Kobold Brigand)                  Turns: 6073, Time: 00:06:22

Health: -17/44     AC:  1    Str: 14    XL:     8   Next: 1%
Magic:  8/8        EV: 14    Int: 12    God:
Gold:   253        SH:  5    Dex: 19    Spells: 7/7 levels left

rFire   + . .      SeeInvis .    B - +2 dagger (speed)
rCold   . . .      Faith    .    (no shield)
rNeg    . . .      Spirit   .    t - +2 robe {rF+}
rPois   .          Reflect  +    (no helmet)
rElec   .          Harm     .    c - +0 cloak
rCorr   .          Rampage  .    (no gloves)
Will    .....                    (no boots)
Stlth   ++++......               m - amulet of reflection
HPRegen 0.14/turn                u - +6 ring of strength
MPRegen 0.11/turn                (no ring)

@: corroded
A: small, no large weapons, nightstalker 3
a: no special abilities


You were on level 3 of the Dungeon.
You visited 1 branch of the dungeon, and saw 5 of its levels.

You collected 253 gold pieces.

Inventory:

Hand Weapons
 a - a +2 dagger
 j - a +0 dagger of venom
 B - a +2 dagger of speed (weapon)
Missiles
 d - 33 poisoned darts (quivered)
 e - 3 curare-tipped darts
Armour
 b - a +0 robe
 c - a +0 cloak (worn)
 t - a +2 robe of fire resistance (worn)
Jewellery
 m - an amulet of reflection (around neck)
 s - a ring of protection from fire
 u - a +6 ring of strength (left hand)
Wands
 k - a wand of paralysis (7)
 o - a wand of flame (18)
 w - a wand of acid (6)
 x - a wand of roots (5)
Scrolls
 f - 8 scrolls of teleportation {unknown}
 g - a scroll of amnesia {unknown}
 h - 3 scrolls of identify {unknown}
 n - a scroll of vulnerability {unknown}
 q - a scroll of enchant armour {unknown}
 r - a scroll of butterflies {unknown}
 v - a scroll of fear {unknown}
 y - a scroll of blinking {unknown}
 C - 2 scrolls of magic mapping {unknown}
Potions
 i - a potion of might
 l - a potion of haste {unknown}
 p - a potion of degeneration {unknown}
 z - a potion of curing {unknown}
 A - a potion of lignification {unknown}


   Skills:
 - Level 2.1 Fighting
 + Level 11.0 Short Blades
 - Level 2.1 Throwing
 - Level 1.2 Dodging
 - Level 5.3 Stealth


You had 7 spell levels left.
You didn't know any spells.
Your spell library contained the following spells:

 Spells                   Type           Power      Damage    Failure   Level
 Apportation              Tloc           0%         N/A       32%         1
 Foxfire                  Conj/Fire      0%         2x1d4     32%         1
 Necrotise                Necr           0%         1d4       32%         1
 Summon Small Mammal      Summ           0%         N/A       32%         1
 Sublimation of Blood     Necr           0%         N/A       45%         2
 Wereblood                Tmut           0%         N/A       45%         2
 Call Canine Familiar     Summ           0%         N/A       69%         3
 Summon Guardian Golem    Hex/Summ       0%         N/A       69%         3
 Animate Dead             Necr           0%         N/A       97%         4
 Haunt                    Necr/Summ      0%         N/A       100%        7
 Summon Hydra             Summ           0%         N/A       100%        7
 Infestation              Necr           0%         N/A       100%        8


Dungeon Overview and Level Annotations

Branches:
Dungeon (5/15)
 Temple: D:4-7

Altars:
Kikubaaqudgha
Sif Muna
Vehumet
Yredelemnul

Annotations:
D:3 exclusion: oklob plant


Innate Abilities, Weirdness & Mutations

You are small and have problems with some larger weapons.
You are completely attuned to the shadows.


Message History

The oklob plant is lightly damaged.
You hit the oklob plant but do no damage.
The oklob plant is lightly damaged.
You hit the oklob plant but do no damage.
The oklob plant is lightly damaged.
You hit the oklob plant but do no damage.
The oklob plant is lightly damaged.
You completely miss the oklob plant.
The oklob plant is lightly damaged.
You hit the oklob plant but do no damage.
The oklob plant is lightly damaged.
You hit the oklob plant but do no damage.
The oklob plant is lightly damaged.
You hit the oklob plant but do no damage.
You punch the oklob plant, but do no damage.
The oklob plant is lightly damaged.
You hit the oklob plant but do no damage.
The oklob plant is lightly damaged.
You hit the oklob plant but do no damage.
The oklob plant is lightly damaged.
You hit the oklob plant but do no damage.
The oklob plant is lightly damaged.
You hit the oklob plant but do no damage.
The oklob plant is lightly damaged.
You hit the oklob plant.
The oklob plant is lightly damaged.
You hit the oklob plant but do no damage.
The oklob plant is lightly damaged.
You hit the oklob plant but do no damage.
The oklob plant is lightly damaged.
You hit the oklob plant but do no damage.
The oklob plant is lightly damaged.
The oklob plant spits acid at you. The splash of acid hits you!!
Ouch! That really hurt!
* * * LOW HITPOINT WARNING * * *
The acid corrodes you! The oklob plant spits acid at you.
The splash of acid hits you!!
You die...

##.....##
#.######.#
#^._^^#
##...##
#.# #....#
##^^^##
##'## #.#
#.##.#
#^...^#
#.# #.#
#.##.#
##..^##
###
##########
##'##


PPPP.PP #.# #PP#P.P# # #.# #PP....#P# #.# #.PPPP@.P# #.##### ..PPP.PPP# #......
~..P.PPPP# ####### ~~...PPPP# # ≈~~..P#P## ~≈≈~.PPPP ≈≈~≈.PP.# .~≈≈~.P###
...~≈≈~.PPPP You could see an oklob plant.

Vanquished Creatures
  An ogre (D:4)
  A scorpion (D:3)
  Blork the orc (D:4)
  A howler monkey (D:4)
  A hound (D:4)
  An orc priest (D:4)
  Crazy Yiuf (D:4)
  Ijyb (D:4)
  Jessica (D:2)
  7 orc wizards
  3 gnolls (D:4)
  3 adders
  3 worms
  6 dart slugs
  3 orcs
  6 ball pythons
  5 bats
  6 endoplasms
  6 giant cockroaches
  7 goblins
  10 hobgoblins
  2 jackals (D:4)
  6 kobolds
  5 quokkas
  3 rats (D:1)
  A spectral orc (D:3)
91 creatures vanquished.

Vanquished Creatures (others)
  2 fungi
  5 toadstools (D:3)
7 creatures vanquished.

Grand Total: 98 creatures vanquished

Notes
Turn   | Place    | Note
-------+----------+-------------------------------------------
     0 | D:1      | Setbun the Kobold Brigand began the quest for the Orb.
     0 | D:1      | Reached XP level 1. HP: 12/12 MP: 1/1
    75 | D:1      | Reached skill level 3 in Short Blades
   165 | D:1      | Reached XP level 2. HP: 17/17 MP: 2/2
   662 | D:1      | Reached skill level 4 in Short Blades
   782 | D:1      | Reached XP level 3. HP: 17/21 MP: 3/3
  1214 | D:1      | Reached skill level 5 in Short Blades
  1560 | D:2      | Noticed Jessica
  1563 | D:2      | Killed Jessica
  1564 | D:2      | Reached XP level 4. HP: 26/26 MP: 4/4
  1678 | D:2      | Reached skill level 6 in Short Blades
  2066 | D:2      | Reached XP level 5. HP: 30/30 MP: 5/5
  2113 | D:2      | Found a faded altar of an unknown god.
  2735 | D:3      | You fall into a shaft and drop 1 floor!
  2749 | D:4      | Noticed Blork the orc
  2753 | D:4      | Killed Blork the orc
  2754 | D:4      | Reached skill level 7 in Short Blades
  2802 | D:4      | Reached XP level 6. HP: 35/35 MP: 6/6
  2897 | D:4      | Reached skill level 8 in Short Blades
  3261 | D:4      | Reached skill level 9 in Short Blades
  3261 | D:4      | Reached XP level 7. HP: 5/40 MP: 7/7
  4770 | D:4      | Found a runed translucent door.
  4770 | D:4      | Noticed Ijyb
  4773 | D:4      | Killed Ijyb
  4774 | D:4      | Noticed Crazy Yiuf
  4780 | D:4      | Killed Crazy Yiuf
  4781 | D:4      | Reached skill level 10 in Short Blades
  4812 | D:5      | Entered Level 5 of the Dungeon
  4941 | D:3      | Found a basalt altar of Yredelemnul.
  5625 | D:3      | Found a radiant altar of Vehumet.
  5661 | D:3      | Got Vehumet's Spellbook of Damage Dealing
  5903 | D:3      | Found an ancient bone altar of Kikubaaqudgha.
  5960 | D:3      | Found a shimmering blue altar of Sif Muna.
  5964 | D:3      | Reached skill level 11 in Short Blades
  5964 | D:3      | Reached XP level 8. HP: 44/44 MP: 8/8
  6040 | D:3      | Noticed an oklob plant
  6073 | D:3      | Killed from afar by an oklob plant

Illustrated notes

Levels and vault maps discovered:
D:1:      heliophobic_arrival_battle_scene, layout_basic, serial_park_tiny_pond,
          minmay_pentomino_u2
D:2:      layout_loops_ring, shapermc_ecumenical_altar_mp_vishouse,
          nrook_mini_vaults, uniq_jessica
D:3:      layout_loops_corners, palyth_temple_overflow_mages, tgw_fedhas,
          yredelemnul_forgotten_temple_becter, minmay_goblin_kobold_house
D:4:      layout_layer_cave, minmay_unequal, uniq_crazy_yiuf_cottage, uniq_ijyb,
          uniq_blork_the_orc
D:5:      cheibrodos_fzero, layout_basic, minmay_temple_entry_offerings,
          serial_shops, shop

Skill      XL: |  1  2  3  4  5  6  7 |
---------------+----------------------+-----
Short Blades   | 3 4 5 6 7 9 11 | 11.0
Fighting       | |  2.1
Throwing       | |  2.1
Dodging        | |  1.2
Stealth        | |  5.3

Action                   |  1- 3 |  4- 6 |  7- 9 || total
-------------------------+-------+-------+-------++-------
Melee: Dagger            |    75 |   129 |   119 ||   323
       Punch             |       |     1 |     4 ||     5
  Use: Potion            |       |     4 |       ||     4
 Stab: Sleeping          |    13 |    18 |     9 ||    40
       Invisible         |       |     1 |     1 ||     2
Armor: Robe              |    15 |    21 |     7 ||    43
Dodge: Dodged            |    40 |    59 |    19 ||   118
Block: Other             |       |     7 |     6 ||    13

Table legend: (Time is in decaauts)
 A = Elapsed time spent in this place.
 B = Non-inter-level travel time spent in this place.
 C = Inter-level travel time spent in this place.
 D = Time resting spent in this place.
 E = Time spent auto-exploring this place.
 F = Levels seen in this place.
 G = Mean time per level.
                   A        B        C        D        E       F      G
               +--------+--------+--------+--------+--------+-----+--------+
         Total |   5938 |   5822 |    116 |   1505 |   3701 |   5 | 1187.6 |
       Dungeon |   5938 |   5822 |    116 |   1505 |   3701 |   5 | 1187.6 |
               +--------+--------+--------+--------+--------+-----+--------+

Top non-repeatable levels by time:
     D:4: 2052 daAuts
     D:3: 1385 daAuts
     D:1: 1372 daAuts
     D:2: 1046 daAuts
     D:5: 81 daAuts
